Unix NetHack Version 5.0.0-0 post-release - last build May 23 2026 06:08:33 (1c0ff79ee797540d5714e4e18072db0edd9e58ae,branch:main).

Game began 2026-05-26 23:29:06, ended 2026-05-26 23:39:36.

CyberFan, lawful male human Priest

                       ------
        -----          |....|
       #....|          |....|
       #|....#####     |....|
       #|.{.|#   #     |<...|
       @-----#   ######-.----
       B##   #        ####
        #    #       ####
        [    #       #
 -------#    #       #
 |%%?!=|#    #     ###
 |"%![.-#    #-----|--------
 |*.[=.|     #|............|
 -------     #-............|
              |............|
              |.>..........|
              |............|
              --------------

CyberFan the Acolyte         St:10 Dx:12 Co:17 In:10 Wi:18 Ch:12  Lawful
Dlvl:4  $:81 HP:0(30) Pw:32(32) AC:1  Xp:3/71 T:1626 

Latest messages:
 What do you want to put on? [uK or ?*]
 Which ring-finger, Right or Left? [rl]
 K - an uncursed moonstone ring (on right hand) (unpaid, 150 zorkmids).
 What do you want to remove? [K or ?*]
 You were wearing an uncursed moonstone ring (on right hand) (unpaid, 150 zorkmids).
 What do you want to drop? [$a-fk-mo-wyD-IK or ?*]
 You drop an uncursed moonstone ring (unpaid, 150 zorkmids).
 You see here an uncursed leather armor (for sale, 5 zorkmids).
 You see here an uncursed tiger eye ring (for sale, 200 zorkmids).
 You see here 2 uncursed black gems (for sale, 5000 zorkmids).
 You see here an uncursed tiger eye ring (for sale, 200 zorkmids).
 "For you, good sir; only 200 zorkmids for this tiger eye ring."
 L - an uncursed tiger eye ring (unpaid, 200 zorkmids).
 What do you want to put on? [uL or ?*]
 Which ring-finger, Right or Left? [rl]
 You start to float in the air!
 L - an uncursed ring of levitation (on right hand) (unpaid, 200 zorkmids).
 What do you want to remove? [L or ?*]
 You were wearing an uncursed ring of levitation (on right hand) (unpaid, 200 zorkmids).
 You float gently to the floor.
 You see here an uncursed cream pie (for sale, 10 zorkmids).
 You see here an uncursed perforated amulet (for sale, 200 zorkmids).
 You see here an uncursed pancake (for sale, 15 zorkmids).
 You see here an uncursed scroll called enchant weapon (for sale, 60 zorkmids).
 You hear some noises in the distance.
 You see here an uncursed brilliant blue potion (for sale, 67 zorkmids).
 You don't have enough gold to buy the item on your bill.
 What do you want to drop? [$a-fk-mo-wyD-IL or ?*]
 You drop an uncursed ring of levitation (unpaid, 200 zorkmids).
 You hear some noises.
 Your kitten eats an uncursed little dog corpse.
 Where do you want to travel to?
 (For instructions type a '?')
 You swap places with your kitten.
 The giant bat misses!
 The giant bat bites!
 The giant bat misses!
 You miss the giant bat.
 The giant bat bites!
 The giant bat misses!
 You hit the giant bat!
 The giant bat misses!
 The giant bat bites!
 The giant bat bites!
 The giant bat bites!
 The giant bat bites!
 The giant bat bites!
 You hear some noises.
 The giant bat bites!
 You die...

Inventory:
 Coins    ('$')
  $ - 81 gold pieces
 Weapons  (')')
  a - a blessed +1 mace (weapon in right hand)
 Armor    ('[')
  t - an uncursed +0 orcish helm (being worn)
  c - an uncursed +0 small shield (being worn)
  b - an uncursed +0 robe (being worn)
  o - an uncursed +0 chain mail (being worn)
 Comestibles  ('%')
  e - an uncursed clove of garlic
  H - an uncursed food ration
  f - an uncursed sprig of wolfsbane
  v - an uncursed lichen corpse
 Scrolls  ('?')
  s - a cursed scroll of create monster
  m - an uncursed scroll of enchant armor
  p - 2 uncursed scrolls of enchant weapon
  w - a blessed scroll of identify
  D - an uncursed scroll of identify
  l - an uncursed scroll of scare monster
  E - an uncursed scroll of teleportation
 Potions  ('!')
  G - an uncursed potion of booze
  I - a cursed potion of booze
  y - an uncursed potion of enlightenment
  r - an uncursed potion of extra healing
  F - an uncursed potion of levitation
  q - an uncursed potion of paralysis
  d - 4 potions of holy water
 Rings    ('=')
  u - an uncursed ring of fire resistance
 Gems/Stones  ('*')
  k - a cursed worthless piece of yellow glass

CyberFan the Priest's attributes:

Background:
 You were an Acolyte, a level 3 human Priest.
 You were lawful, nominally on a mission for Amaterasu Omikami
 who was opposed by Raijin (neutral) and Susanowo (chaotic).
 You were right-handed.
 You were in the Dungeons of Doom, on level 4.
 You entered the dungeon 1626 turns ago.
 It was nighttime.
 You had 71 experience points, 9 more were needed to attain level 4.

Basics:
 You had 0 out of 30 hit points.
 You had all 32 energy points (spell power).
 Your armor class was 1.
 Your wallet contained 81 zorkmids.
 Autopickup was on for '$%?!"=/*', with exceptions.

Final Characteristics:
 Your strength was 10 (limit:18/100).
 Your dexterity was 12 (limit:18).
 Your constitution was 17 (limit:18).
 Your intelligence was 10 (limit:18).
 Your wisdom was 18 (limit:18).
 Your charisma was 12 (limit:18).

Final Status:
 You weren't hungry.
 You were unencumbered.
 You were wielding a mace.
 You had basic skill with mace.

Final Attributes:
 You were devoutly aligned.
 You were guarded.
 Your spell casting was impaired by metallic armor, mitigated by your robe.
 You are dead.

Miscellaneous:
 You disabled loading and storing of bones levels.
 Total elapsed playing time was 10 minutes and 29 seconds.

Major events:
 Turn
    1: CyberFan the lawful human Priest entered the dungeon
 1113: attained the rank of Acolyte (level 3)
 1476: entered the Gnomish Mines
 1626: killed by a giant bat

Spells:
 Name                 Level Category     Fail Retention
 detect monsters        1   divination    67%  76%-100%
 detect food            2   divination    99%  76%-100%

Skills:
 Fighting Skills
   bare handed combat [Unskilled]
 Weapon Skills
   club               [Unskilled]
   mace               [Basic]
   morning star       [Unskilled]
   flail              [Unskilled]
   hammer             [Unskilled]
   quarterstaff       [Unskilled]
   polearms           [Unskilled]
   spear              [Unskilled]
   trident            [Unskilled]
   lance              [Unskilled]
   bow                [Unskilled]
   sling              [Unskilled]
   crossbow           [Unskilled]
   dart               [Unskilled]
   shuriken           [Unskilled]
   boomerang          [Unskilled]
   unicorn horn       [Unskilled]
 Spellcasting Skills
   healing spells     [Unskilled]
   divination spells  [Unskilled]
   clerical spells    [Basic]

Voluntary challenges:
 Character rerolling was not enabled.
 You were an atheist.
 You were illiterate.
 You never genocided any monsters.
 You never polymorphed an object.
 You never changed form.
 You used no wishes.
Achievements:
 You attained the rank of Acolyte.
 You entered a shop.
 You entered the Gnomish Mines.

 The Dungeons of Doom: levels 1 to 4
    Level 1:
       Some sinks.
    Level 2:
       A fountain.
    Level 3:
       A general store, a fountain.
    Level 4: <- You were here.
       A general store, a sink.
       Stairs down to The Gnomish Mines.
       Final resting place for
          you, killed by a giant bat.
 The Gnomish Mines:
    Level 5:


Vanquished creatures:
  a little dog
  3 orc zombies
  2 iguanas
 an acid blob
  2 manes
  a hobgoblin
  2 giant rats
  a brown mold
  a gnome zombie
  2 geckos
  4 jackals
  a fox
  2 kobolds
  3 goblins
  a sewer rat
  4 grid bugs
  4 lichens
  3 newts
38 creatures vanquished.

No species were genocided or became extinct.

Game over:
                       ----------
                      /          \
                     /    REST    \
                    /      IN      \
                   /     PEACE      \
                  /                  \
                  |     CyberFan     |
                  |      81 Au       |
                  |   killed by a    |
                  |    giant bat     |
                  |                  |
                  |                  |
                  |       2026       |
                 *|     *  *  *      | *
        _________)/\\_//(\/(/\)/\//\/|_)_______

Goodbye CyberFan the Priest...

You died in The Dungeons of Doom on dungeon level 4 with 557 points,
and 81 pieces of gold, after 1626 moves.
You were level 3 with a maximum of 30 hit points when you died.

